Map: Dreamcatcher LE

Players

Michael - Winner!

  • Race: Zerg Zerg
  • League: Gold
  • Spawn Location: 5:00

DarkOrkin

  • Race: Terran Terran
  • League: Platinum
  • Spawn Location: 11:00

VOD

Have the link to the VOD?

Description

Time

  • Played on: Oct. 7, 2018, 7:08 a.m.
  • Length: 14:47
Show
View Real Time Build Order
Export as new Build Order

Michael Zerg - Winner!

Build Orders: Pool First 

Get SALT Encoding   

  12  0:01  Drone  
  13  0:12  Overlord  
  13  0:17  Drone  
  14  0:30  Drone x2  
  14  0:34  Drone  
  17  0:39  Extractor  
  16  0:45  Drone  
  17  0:52  Spawning Pool  
  17  0:56  Drone  
  17  1:06  Drone  
  18  1:22  Hatchery  
  18  1:23  Drone  
  18  1:38  Queen  
  20  1:40  Overlord  
  20  1:50  Zergling x4  
  22  2:11  Metabolic Boost  
  22  2:14  Queen  
  24  2:22  Zergling x6  
  26  2:51  Hatchery  
  25  2:57  Lair  
  25  3:01  Drone  
  25  3:02  Drone  
  26  3:19  Drone  
  27  3:20  Drone x3  
  30  3:27  Pneumatized Carapace  
  30  3:33  Overlord  
  30  3:37  Drone  
  30  3:40  Drone  
  32  3:43  Drone  
  32  3:46  Drone  
  34  3:49  Drone  
  34  3:52  Drone  
  36  4:04  Drone  
  36  4:05  Extractor, Roach Warren  
  36  4:06  Drone  
  36  4:14  Queen  
  38  4:23  Drone x4  
  42  4:25  Drone  
  42  4:30  Overlord  
  43  4:37  Queen  
  45  4:39  Drone  
  45  4:44  Queen  
  48  4:48  Glial Reconstitution  
  48  4:50  Drone  
  48  4:52  Drone  
  50  4:57  Overlord  
  50  4:59  Overlord  
  50  5:02  Overlord  
  50  5:14  Spore Crawler x2  
  49  5:18  Spore Crawler  
  49  5:19  Spore Crawler  
  46  5:24  Spore Crawler x2  
  46  5:26  Spore Crawler, Drone  
  46  5:27  Drone x2  
  46  5:31  Drone x2  
  46  5:33  Drone  
  46  5:35  Drone  
  50  5:37  Drone  
  50  5:38  Drone  
  50  5:42  Overlord  
  52  5:46  Overlord  
  52  5:53  Drone  
  53  5:58  Drone x3  
  56  6:09  Hydralisk Den  
  55  6:12  Evolution Chamber  
  55  6:13  Infestation Pit  
  55  6:15  Drone x3  
  55  6:17  Drone x6  
  62  6:21  Extractor  
  62  6:22  Extractor, Queen  
  62  6:24  Drone  
  63  6:27  Drone  
  64  6:39  Muscular Augments  
  64  6:41  Zerg Ground Armor Level 1  
  64  6:50  Extractor, Drone x3  
  64  6:52  Extractor, Drone x2  
  64  6:53  Drone  
  68  6:56  Drone x2  
  70  7:05  Drone  
  70  7:07  Drone x3  
  75  7:08  Drone x3  
  77  7:16  Hydralisk x2  
  77  7:18  Overlord x3  
  77  7:19  Overlord x2  
  81  7:24  Hive  
  93  7:48  Overlord  
  93  7:49  Overlord x4  
  93  8:00  Hydralisk x6  
  93  8:01  Hydralisk  
  107  8:08  Queen x2  
  126  8:28  Roach x2  
  126  8:29  Roach  
  126  8:31  Roach  
  126  8:32  Roach  
  136  8:36  Overlord  
  136  8:37  Overlord x2  
  136  8:48  Roach  
  138  8:49  Roach  
  138  8:51  Roach  
  138  8:53  Hatchery  
  141  9:01  Hydralisk  
  143  9:03  Roach x5  
  143  9:05  Roach  
  155  9:11  Roach x3  
  155  9:17  Grooved Spines  
  161  9:19  Zerg Missile Weapons Level 1  
  159  9:30  Burrow  
  159  9:35  Roach x5  
  163  9:59  Roach x9  
  169  10:06  Roach  
  175  10:07  Roach x5  
  175  10:08  Overlord x4  
  175  10:25  Queen  
  177  10:32  Roach  
  177  10:33  Roach x6  
  191  10:38  Hydralisk x2  
  191  10:40  Spore Crawler, Hydralisk  
  191  10:41  Spore Crawler  
  191  10:42  Spore Crawler  
  194  10:54  Queen  
  194  10:55  Queen  
  194  10:56  Queen  
  138  12:12  Hydralisk x10  
  138  12:13  Hydralisk x4  
  148  12:23  Drone x2  
  148  12:25  Drone x2  
  148  12:26  Drone x6  
  150  12:34  Hatchery  
  150  12:36  Roach x3  
  155  12:37  Hydralisk  
  155  12:38  Hatchery, Hydralisk x3  
  155  12:43  Hydralisk  
  164  12:57  Hydralisk x6  
  164  12:58  Hydralisk x2  
  176  12:59  Hydralisk  
  158  13:13  Hydralisk  
  158  13:14  Hydralisk  
  158  13:15  Roach x3  
  154  13:20  Roach x8  
  154  13:21  Roach  
  154  13:23  Roach  
  166  13:28  Roach x2  
  166  13:29  Roach  
  166  13:31  Hydralisk  
  169  14:02  Hydralisk  
  161  14:03  Hydralisk x12  
  183  14:22  Hydralisk  
Show
View Real Time Build Order
Export as new Build Order

DarkOrkin Terran 

Build Orders: Mech 

Get SALT Encoding   

  12  0:01  SCV  
  13  0:13  SCV  
  14  0:19  Supply Depot  
  14  0:26  SCV  
  15  0:40  SCV  
  16  0:44  Barracks  
  16  0:52  SCV  
  16  0:55  Refinery  
  17  1:05  SCV  
  18  1:17  SCV  
  19  1:32  SCV  
  20  1:37  Command Center  
  20  1:41  Marine  
  21  1:48  Orbital Command  
  21  1:59  Bunker  
  21  2:00  Marine  
  22  2:14  Supply Depot  
  22  2:18  Marine  
  23  2:28  Engineering Bay  
  23  2:35  Supply Depot  
  22  2:40  Marine  
  23  2:46  Factory  
  23  2:57  Orbital Command  
  23  3:03  Marine  
  24  3:20  SCV  
  24  3:21  Missile Turret  
  24  3:26  SCV  
  26  3:32  SCV, Factory Tech Lab  
  27  3:38  SCV  
  27  3:40  Starport  
  28  3:44  SCV  
  28  3:45  Refinery  
  29  3:50  SCV  
  30  3:56  SCV  
  30  3:58  Marine  
  32  4:13  SCV  
  32  4:14  SCV  
  34  4:25  SCV  
  34  4:26  SCV  
  34  4:28  Missile Turret  
  34  4:29  Refinery  
  36  4:31  Refinery  
  36  4:34  Siege Tank  
  36  4:35  Starport Tech Lab  
  36  4:37  SCV  
  36  4:38  SCV  
  41  4:39  Missile Turret  
  41  4:45  Marine  
  42  4:50  SCV x2  
  44  4:53  Banshee  
  47  5:03  Factory  
  47  5:06  Hellion  
  49  5:23  Marine  
  49  5:27  Hellion  
  52  5:40  Viking  
  54  5:46  Supply Depot  
  54  5:48  Supply Depot  
  54  5:53  Supply Depot x2  
  54  6:08  SCV x2  
  54  6:09  Factory Tech Lab  
  56  6:12  Factory  
  56  6:20  SCV x2  
  56  6:21  Armory  
  56  6:22  Armory  
  58  6:29  Siege Tank x2  
  58  6:32  SCV x2  
  66  6:44  SCV  
  66  6:46  Starport Reactor, Factory  
  67  7:02  Factory Reactor  
  67  7:03  Command Center  
  67  7:05  Siege Tank x2  
  67  7:07  SCV  
  67  7:08  SCV  
  75  7:20  SCV x2  
  77  7:23  Command Center  
  77  7:27  Viking x2  
  81  7:37  Hellion  
  81  7:38  Hellion  
  81  7:43  Supply Depot  
  85  8:04  Thor  
  85  8:05  Supply Depot  
  91  8:11  Viking  
  93  8:14  Viking  
  93  8:15  Hellion x4  
  103  8:24  Liberator  
  103  8:27  Liberator  
  103  8:31  Supply Depot  
  103  8:32  Supply Depot, SCV x2  
  105  8:36  Hellion  
  105  8:38  Terran Vehicle And Ship Armor Level 1  
  105  8:39  Terran Vehicle Weapons Level 1  
  113  8:53  Orbital Command  
  113  9:02  Thor  
  113  9:03  Hellion  
  113  9:04  Hellion x2  
  113  9:07  Hellion  
  127  9:11  Command Center  
  127  9:25  Hellion  
  127  9:26  Planetary Fortress  
  127  9:29  SCV x3  
  132  9:41  SCV x3  
  133  9:50  Infernal Pre-Igniter  
  100  10:14  SCV x3  
  100  10:15  SCV  
  100  10:18  Hellion x5  
  100  10:19  Hellion  
  116  10:26  SCV  
  117  10:29  Refinery  
  117  10:30  Refinery, SCV x3  
  117  10:34  Planetary Fortress  
  120  10:38  Refinery, SCV  
  120  10:39  Thor x2, Hellion x2  
  137  10:44  Raven  
  137  10:49  Hellion x2  
  143  11:01  Hellion  
  145  11:04  SCV  
  145  11:05  SCV x3  
  149  11:16  SCV  
  150  11:20  Hellion x2  
  150  11:21  Hellion  
  150  11:22  Hellion  
  158  11:28  Refinery  
  158  11:47  Thor  
  104  12:15  Banshee  
  91  12:16  Hellion  
  91  12:17  Hellion x4  
  98  12:23  SCV  
  98  12:24  SCV x2  
  99  12:30  Hellion  
  101  12:38  Hellion x5  
  111  12:52  Hellion  
  111  12:54  Supply Depot  
  111  12:57  Banshee  
  111  12:58  Supply Depot  
  116  12:59  Cyclone x4  
  116  13:00  Cyclone  
  113  13:13  Cyclone  
  113  13:17  Supply Depot  
  112  13:22  Supply Depot  
  110  13:31  Cyclone x3  
  110  13:32  Siege Tank  
  122  13:34  Hellion  
  122  13:40  Banshee  
  127  13:41  SCV x2  
  127  13:42  Refinery, SCV x2  
  127  13:45  Siege Tank  
  122  13:53  SCV  
  122  13:54  SCV  
  115  13:56  Hellion  
  101  14:03  Hellion x2  
  101  14:04  Siege Tank  
  102  14:17  Hellion x2  
  107  14:25  Hellion  
Tags
 
Composition
Mech
Matchup
TvZ
Opening
Pool First
Spawn Locations
Cross Positions
Add a new tag
Caveats
  • Supply blocks, unpowered buildings, or Contaminate may cause inaccurate times.
  • Supply counts are checked every 10 seconds.